 Dungeon Crawl Stone Soup version 0.29-a0-384-g6960b1960d (webtiles) character file.

Game seed: 5436725847227518943

49 Bruhh the Chopper (level 3, 0/31 HPs)
             Began as a Hill Orc Fighter on May 7, 2022.
             Slain by a goblin
             ... wielding a +0 dagger
             ... led by Robin
              (4 damage)
             ... on level 2 of the Dungeon.
             The game lasted 00:01:12 (751 turns).

Bruhh the Chopper (Hill Orc Fighter)                 Turns: 751, Time: 00:01:12

Health: 0/31       AC:  6    Str: 20    XL:     3   Next: 77%
Magic:  3/3        EV:  9    Int:  8    God:
Gold:   67         SH:  4    Dex: 10    Spells: 2/2 levels left

rFire   . . .      SeeInvis .   a - +0 war axe
rCold   . . .      Faith    .   c - +0 buckler
rNeg    . . .      Spirit   .   b - +0 scale mail
rPois   .          Reflect  .   (no helmet)
rElec   .          Harm     .   (no cloak)
rCorr   .          Rampage  .   (no gloves)
Will    .....                   (no boots)
Stlth   ..........              (no amulet)
HPRegen 0.10/turn               (no ring)
MPRegen 0.08/turn               (no ring)

@: mighty
A: no striking features
a: no special abilities


You were on level 2 of the Dungeon.
You visited 1 branch of the dungeon, and saw 2 of its levels.

You collected 67 gold pieces.

Inventory:

Hand Weapons
 a - a +0 war axe (weapon)
Armour
 b - a +0 scale mail (worn)
 c - a +0 buckler (worn)
Scrolls
 e - 2 scrolls of identify {unknown}
 f - a scroll of enchant weapon {unknown}


   Skills:
 - Level 3.6 Fighting
 + Level 5.3 Axes
 - Level 3.2 Armour
 - Level 3.2 Shields


You had 2 spell levels left.
You didn't know any spells.
Your spell library was empty.

Dungeon Overview and Level Annotations

Branches:
Dungeon (2/15)

Altars:

Annotations:
D:2 Robin


Message History

You kill the goblin!
You closely miss the goblin. The goblin barely misses you.
You barely miss the hobgoblin. You hit the goblin.
You kill the goblin!
The hobgoblin closely misses you.
Unknown command.
You hit the hobgoblin.
You kill the hobgoblin!
A goblin comes into view. It is wielding a +0 dagger.
Robin throws the goblin at you! The goblin barely misses you.
The goblin hits you with a +4 dagger.
You closely miss the goblin. You barely miss the goblin.
The goblin barely misses you. The goblin hits you with a +4 dagger.
You are too injured to fight recklessly!
You are too injured to fight recklessly!
Unknown command.
You are too injured to fight recklessly!
You feel very mighty all of a sudden. You block the goblin's attack.
The goblin hits you with a +4 dagger. Robin hits you but does no damage.
You barely miss the goblin. x2; The goblin closely misses you. x2
The hobgoblin shouts!
You slice the goblin!!
You kill the goblin!
You slash the goblin!
You kill the goblin!
The goblin unwields a +0 dagger.
The goblin wields a +0 hunting sling.
The goblin shoots a sling bullet.
The sling bullet barely misses you.
Robin hits you from afar with a +0 spear.
* * * LOW HITPOINT WARNING * * *
The goblin shoots a sling bullet.
The sling bullet hits you.
* * * LOW HITPOINT WARNING * * *
You aren't carrying any potions.
Okay, then.
Robin throws the goblin at you!
Items here: ))) †.
You closely miss the goblin. The goblin hits you but does no damage.
The goblin shoots a sling bullet.
You block the sling bullet. The goblin hits you with a +0 dagger.
You die...

###.....####........
#...................
#..............)....
#.........†....>....
#......g....g.......
#......gg..g.gg...?.
##.#+#g####...g....
#.# #...g...g #@#
#.......g #g#
#........ #.#
#........ #.#
#........ #.#
#########
#.################
#.................
##################


You could see a hobgoblin (strong) and 4 goblins.

Vanquished Creatures
  2 adders (D:2)
  A bat (D:1)
  An endoplasm (D:1)
  A giant cockroach (D:2)
  14 goblins
  2 hobgoblins
  A kobold (D:1)
  A quokka (D:1)
  3 ball pythons
  A frilled lizard (D:1)
  A rat (D:1)
28 creatures vanquished.

Notes
Turn   | Place    | Note
-------+----------+-------------------------------------------
     0 | D:1      | Bruhh the Hill Orc Fighter began the quest for the Orb.
     0 | D:1      | Reached XP level 1. HP: 19/19 MP: 1/1
    44 | D:1      | Reached skill level 3 in Axes
   297 | D:1      | Reached XP level 2. HP: 26/26 MP: 2/2
   399 | D:1      | Reached skill level 4 in Axes
   710 | D:2      | Reached XP level 3. HP: 30/31 MP: 3/3
   722 | D:2      | Reached skill level 5 in Axes
   726 | D:2      | Noticed Robin
   751 | D:2      | Slain by a goblin

Illustrated notes

Levels and vault maps discovered:
D:1:      scummos_arrival_star, layout_rooms, corexii_leaking_fountain
D:2:      minmay_chambers_of_twos, layout_basic, uniq_robin, uniq_natasha

Skill      XL: |  1  2  3 |
---------------+----------+-----
Axes           | 3 4 5 |  5.3
Fighting       | |  3.6
Armour         | |  3.2
Shields        | |  3.2

Action                   || total
-------------------------++-------
Melee: War axe           ||    69
  Use: Potion            ||     1
Armor: Scale mail        ||    24
Dodge: Dodged            ||    39
Block: Buckler           ||    20

Table legend: (Time is in decaauts)
 A = Elapsed time spent in this place.
 B = Non-inter-level travel time spent in this place.
 C = Inter-level travel time spent in this place.
 D = Time resting spent in this place.
 E = Time spent auto-exploring this place.
 F = Levels seen in this place.
 G = Mean time per level.
                   A        B        C        D        E       F      G
               +--------+--------+--------+--------+--------+-----+--------+
         Total |    773 |    756 |     17 |      0 |    601 |   2 |  386.5 |
       Dungeon |    773 |    756 |     17 |      0 |    601 |   2 |  386.5 |
               +--------+--------+--------+--------+--------+-----+--------+

Top non-repeatable levels by time:
     D:1: 661 daAuts
     D:2: 112 daAuts
